 Dungeon Crawl Stone Soup version 0.22-a0-301-gf0fe05c (webtiles) character file.

71 sankara the Sneak (level 4, -1/30 HPs)
             Began as a Vampire Enchanter on Mar 26, 2018.
             Slain by a jackal (3 damage)
             ... on level 2 of the Dungeon.
             The game lasted 00:08:03 (2587 turns).

sankara the Sneak (Vampire Enchanter)               Turns: 2587, Time: 00:08:04

Health: -1/30      AC:  3    Str:  7    XL:     4   Next: 5%
Magic:  0/7        EV: 12    Int: 18    God:
Gold:   44         SH:  0    Dex: 14    Spells: 4/7 levels left

rFire    + . .     SeeInvis +   a - +1 dagger
rCold    + + .     Gourm    .   (no shield)
rNeg     + + .     Faith    .   b - +0 robe
rPois    +         Spirit   .   (no helmet)
rElec    .         Reflect  .   o - scarf {rC+ rF+}
rCorr    .         Harm     .   k - +0 pair of gloves
MR       .....                  (no boots)
Stlth    ++++......             (no amulet)
HPRegen  0.05/turn              (no ring)
MPRegen  0.10/turn              (no ring)

@: regenerating slowly
A: fangs 3, see invisible, unbreathing
a: Bat Form


You were on level 2 of the Dungeon.
You were near bloodless.

You visited 1 branch of the dungeon, and saw 2 of its levels.

You collected 44 gold pieces.

Inventory:

Hand Weapons
 a - a +1 dagger (weapon)
 e - a +0 hunting sling
   (You found it on level 1 of the Dungeon)
Armour
 b - a +0 robe (worn)
 k - a +0 pair of gloves (worn)
   (You found it on level 1 of the Dungeon)
 o - a scarf of resistance (worn)
   (You found it on level 2 of the Dungeon)
Scrolls
 g - 4 scrolls of identify {unknown}
 h - a scroll of random uselessness {unknown}
 i - a scroll of amnesia {unknown}
 p - a scroll of teleportation {unknown}
 q - a scroll of enchant weapon {unknown}
Potions
 c - a potion of agility {unknown}
 d - 14 potions of blood {@q1}
 f - 2 potions of haste {unknown}
 j - a potion of invisibility {unknown}
 l - a potion of brilliance {unknown}
 m - a potion of magic {unknown}
 n - 2 potions of curing {unknown}


   Skills:
 - Level 1.1 Short Blades
 - Level 2.1 Dodging
 + Level 5.8 Stealth
 + Level 2.1 Spellcasting
 + Level 5.5 Hexes
 + Level 1.4 Ice Magic


You had 4 spell levels left.
You knew the following spells:

 Your Spells              Type           Power        Failure   Level  Hunger
a - Corona                Hex            ###....      1%          1    #......
b - Ensorcelled Hibernat  Hex/Ice        ##....       6%          2    ###....


Dungeon Overview and Level Annotations

Branches:
Dungeon (2/15)

Altars:
Hepliaklqana


Innate Abilities, Weirdness & Mutations

You heal slowly.
You have razor-sharp teeth.
You have supernaturally acute eyesight. (SInv)
You can survive without breathing.


Message History

Casting: Ensorcelled Hibernation (safe; 6% risk of failure)
Confirm with . or Enter, or press ? or * to list all spells.
You don't have enough magic to cast that spell.
Unknown command.
There is a stone staircase leading down here.
You see here 10 gold pieces.
You now have 44 gold pieces (gained 10).
There is a stone staircase leading up here.
You climb upwards.
There is a stone staircase leading down here.
You start resting.
Magic restored.
One of your 15 potions of blood {@q1} rots away.
You start resting.
HP restored.
You climb downwards.
There is a stone staircase leading up here.
Casting: Ensorcelled Hibernation (safe; 6% risk of failure)
Confirm with . or Enter, or press ? or * to list all spells.
Aiming: Ensorcelled Hibernation (safe; 6% risk of failure)
Press: ? - help, Shift-Dir - straight line, f - worm
Aim: a worm (chance to defeat MR: 53%)
The worm resists with significant effort.
The worm closely misses you.
Casting: Ensorcelled Hibernation (safe; 6% risk of failure)
Confirm with . or Enter, or press ? or * to list all spells.
Aiming: Ensorcelled Hibernation (safe; 6% risk of failure)
Press: ? - help, Shift-Dir - straight line, f/p - worm
Aim: a worm (chance to defeat MR: 53%)
The worm resists with significant effort.
The worm misses you.
Casting: Ensorcelled Hibernation (safe; 6% risk of failure)
Confirm with . or Enter, or press ? or * to list all spells.
Aiming: Ensorcelled Hibernation (safe; 6% risk of failure)
Press: ? - help, Shift-Dir - straight line, f/p - worm
Aim: a worm (chance to defeat MR: 53%)
The worm resists with significant effort.
Casting: Ensorcelled Hibernation (safe; 6% risk of failure)
Confirm with . or Enter, or press ? or * to list all spells.
You don't know that spell.
Unknown command.
Unknown command.
Unknown command.
Casting: Ensorcelled Hibernation (safe; 6% risk of failure)
Confirm with . or Enter, or press ? or * to list all spells.
Aiming: Corona (safe; 1% risk of failure)
Press: ? - help, Shift-Dir - straight line, f/p - worm
Aim: a worm (chance to defeat MR: 68%)
The worm is outlined in light.
You feel almost devoid of blood! The worm bites you!
You hit the worm but do no damage. You barely miss the worm.
The worm bites you!
You hit the worm.
The worm is moderately wounded.
The worm closely misses you.
You hit the worm. You bite the worm, but do no damage.
The worm is moderately wounded.
You hit the worm.
The worm is moderately wounded.
The worm bites you but does no damage.
You hit the worm. You bite the worm.
The worm is heavily wounded.
You hit the worm.
The worm is heavily wounded.
The worm bites you!
* * * LOW HITPOINT WARNING * * *
The worm stops glowing.
Casting: Corona (safe; 1% risk of failure)
Confirm with . or Enter, or press ? or * to list all spells.
Aiming: Ensorcelled Hibernation (safe; 6% risk of failure)
Press: ? - help, Shift-Dir - straight line, f/p - worm
Aim: a worm (moderately wounded, chance to defeat MR: 53%)
The worm resists with significant effort.
Unknown command.
Unknown command.
Unknown command.
Unknown command.
The jackal barks!
There is an open door here.
The jackal bites you.
* * * LOW HITPOINT WARNING * * *
Casting: Ensorcelled Hibernation (safe; 6% risk of failure)
Confirm with . or Enter, or press ? or * to list all spells.
Aiming: Ensorcelled Hibernation (safe; 6% risk of failure)
Press: ? - help, Shift-Dir - straight line, f - jackal
Aim: a jackal (chance to defeat MR: 62%)
The jackal resists with significant effort.
The jackal closely misses you. The jackal completely misses you.
You closely miss the jackal. The jackal bites you.
* * * LOW HITPOINT WARNING * * *
Casting: Ensorcelled Hibernation (safe; 6% risk of failure)
Confirm with . or Enter, or press ? or * to list all spells.
Aiming: Corona (safe; 1% risk of failure)
Press: ? - help, Shift-Dir - straight line, f/p - jackal
Aim: a jackal (chance to defeat MR: 76%)
The jackal is outlined in light.
The jackal bites you.
* * * LOW HITPOINT WARNING * * *
The jackal bites you.
You die...

#.##...##............##.........
#.##...##.###.#)#..........#####
#.........###.#.#.##.##.##.#
##..................#.##.##.#
...<...........#.........##.#
#..............###..#.##.##.#
...##...#...........h.......#
...###.####..##'#######..####
...# #.......#..@.....#..# ...#
#.####..#.h......#..# .#.# #.
##.#........#..# <#.#
#.#........#..# .#..
#.#........#..# .#...
#........#..# ##...... #
#........#..# ##.....
#.#........#..# .#......
#.#######'##..#


You could see a jackal.

Vanquished Creatures
  2 adders (D:2)
  An ooze (D:1)
  A worm (D:2)
  2 leopard geckos
  2 ball pythons
  4 giant cockroaches (D:1)
  6 goblins
  4 hobgoblins
  5 jackals (D:2)
  6 bats
  A frilled lizard (D:2)
  4 kobolds
  3 rats (D:1)
41 creatures vanquished.

Notes
Turn   | Place    | Note
-------+----------+-------------------------------------------
     0 | D:1      | sankara the Vampire Enchanter began the quest for the Orb.
     0 | D:1      | Reached XP level 1. HP: 13/13 MP: 3/3
   455 | D:1      | Reached XP level 2. HP: 19/19 MP: 0/5
   511 | D:1      | Learned a level 2 spell: Ensorcelled Hibernation
   529 | D:1      | Reached skill level 5 in Stealth
   635 | D:1      | Reached skill level 5 in Hexes
  1411 | D:1      | Reached XP level 3. HP: 24/24 MP: 6/6
  1629 | D:2      | Found a hazy altar of Hepliaklqana.
  1640 | D:2      | Reached skill level 1 in Ice Magic
  2333 | D:2      | Reached XP level 4. HP: 20/30 MP: 1/7
  2543 | D:2      | HP: 4/30 [worm (7)]
  2584 | D:2      | HP: 4/30 [jackal (2)]
  2587 | D:2      | Slain by a jackal

Vault maps used:
D:1:      lightli_arrival_isolated_outpost
D:2:      lemuel_coloured_pillars_altar, first_ration, minivault_25

Skill      XL: |  1  2  3 |
---------------+----------+-----
Stealth        | 5 |  5.8
Hexes          | 5 |  5.5
Ice Magic      | 1 |  1.4
Short Blades   | |  1.1
Dodging        | |  2.1
Spellcasting   | |  2.1

Action                   |  1- 3 |  4- 6 || total
-------------------------+-------+-------++-------
Melee: Dagger            |   135 |     8 ||   143
       Bite              |    13 |     2 ||    15
 Cast: Corona            |    18 |     2 ||    20
       Ensorcelled Hiber |    15 |     6 ||    21
  Use: Potion            |     2 |       ||     2
 Stab: Sleeping          |    17 |       ||    17
Armor: Robe              |    32 |     1 ||    33
Dodge: Dodged            |   120 |     5 ||   125

Table legend:
 A = Spawn XP
 B = Non-spawn XP
 C = Spawn XP percentage of total XP
 D = Spawn monster count
 E = Non-spawn monster count
 F = Spawn count percentage of total count
 G = Total turns spent on level
                    A         B        C        D         E        F      G
               +---------+---------+-------+---------+---------+-------+---------
         Total |       0 |     102 |   0.0 |       0 |      41 |   0.0 |  2587
               +---------+---------+-------+---------+---------+-------+---------
           D:1 |       0 |      43 |   0.0 |       0 |      23 |   0.0 |  1755
           D:2 |       0 |      59 |   0.0 |       0 |      18 |   0.0 |   832
               +---------+---------+-------+---------+---------+-------+---------

Vault maps used:
D:1:      lightli_arrival_isolated_outpost
D:2:      lemuel_coloured_pillars_altar, first_ration, minivault_25

Table legend:
 A = Turns spent in this place as a percentage of turns spent in the entire game.
 B = Non-inter-level travel turns spent in this place as a percentage of non-inter-level travel turns spent in the entire game.
 C = Inter-level travel turns spent in this place as a percentage of turns spent in this place.
 D = Turns resting spent in this place as a percentage of non-inter-level travel turns spent in this place.
 E = Turns spent auto-exploring this place as a percentage of non-inter-level travel turns spent in this place.
 F = Non-inter-level travel turns spent in this place divided by the number of levels of this place that you've seen.
                   A       B       C       D       E      F
               +-------+-------+-------+-------+-------+----------------------
         Total | 100.0 | 100.0 |   1.3 |  45.2 |  32.4 | 1276.5
       Dungeon | 100.0 | 100.0 |   1.3 |  45.2 |  32.4 | 1276.5
               +-------+-------+-------+-------+-------+----------------------

Table legend:
 A = Kills in this place as a percentage of kills in entire the game.
 B = Kills by you in this place as a percentage of kills by you in the entire game.
 C = Kills by friends in this place as a percentage of kills by friends in the entire game.
 D = Other kills in this place as a percentage of other kills in the entire game.
 E = Experience gained in this place as a percentage of experience gained in the entire game.
 F = Experience gained in this place divided by the number of levels of this place that you have seen.
                   A       B       C       D       E      F
               +-------+-------+-------+-------+-------+----------------------
         Total | 100.0 | 100.0 |   N/A |   N/A | 100.0 |  51.0
       Dungeon | 100.0 | 100.0 |   N/A |   N/A | 100.0 |  51.0
               +-------+-------+-------+-------+-------+----------------------
